 Dungeon Crawl Stone Soup version 0.22-a0-482-g76e0a5f (webtiles) character file.

96 George the Slasher (level 4, -1/33 HPs)
             Began as a Demonspawn Gladiator on June 17, 2018.
             Slain by a centaur (6 damage)
             ... on level 2 of the Dungeon.
             The game lasted 00:02:17 (1862 turns).

George the Slasher (Demonspawn Gladiator)           Turns: 1862, Time: 00:02:18

Health: -1/33      AC:  3    Str: 15    XL:     4   Next: 41%
Magic:  4/4        EV: 12    Int:  9    God:
Gold:   41         SH:  0    Dex: 15    Spells: 3/3 levels left

rFire    . . .     SeeInvis .   a - +0 long sword
rCold    . . .     Gourm    .   (no shield)
rNeg     . . .     Faith    .   b - +0 leather armour
rPois    .         Spirit   .   m - +0 hat
rElec    .         Reflect  .   (no cloak)
rCorr    .         Harm     .   (no gloves)
MR       .....                  (no boots)
Stlth    ++........             (no amulet)
HPRegen  0.11/turn              (no ring)
MPRegen  0.09/turn              (no ring)

@: confused
A: horns 1, nightstalker 1
a: no special abilities


You were on level 2 of the Dungeon.
You were not hungry.

You visited 1 branch of the dungeon, and saw 2 of its levels.

You collected 41 gold pieces.

Inventory:

Hand Weapons
 a - a +0 long sword (weapon)
 o - a +0 short sword
Missiles
 d - 3 throwing nets (quivered)
Armour
 b - a +0 leather armour (worn)
 m - a +0 hat (worn)
Scrolls
 e - a scroll of remove curse {unknown}
 h - 7 scrolls of identify {unknown}
 j - 2 scrolls of enchant armour {unknown}
 k - 2 scrolls of enchant weapon {unknown}
Potions
 c - a potion of lignification {unknown}
 i - 2 potions of mutation {unknown}
 l - a potion of heal wounds {unknown}
 n - a potion of berserk rage {unknown}
Comestibles
 f - 9 rations


   Skills:
 - Level 2.0 Fighting
 + Level 4.8 Long Blades
 - Level 1.7 Throwing
 - Level 2.6 Dodging


You had 3 spell levels left.
You didn't know any spells.
Your spell library contained the following spells:

 Spells                   Type           Power        Failure   Level  Hunger
 Magic Dart               Conj           #...         45%         1    ##.....
 Conjure Flame            Conj/Fire      #.......     83%         3    ####...
 Slow                     Hex            #.......     58%         2    ###....
 Mephitic Cloud           Conj/Pois/Air  #.......     83%         3    ####...
 Blink                    Tloc           N/A          58%         2    ###....
 Call Imp                 Summ           #.......     58%         2    ###....


Dungeon Overview and Level Annotations

Branches:
Dungeon (2/15)

Altars:
Cheibriados
Yredelemnul
The Shining One


Innate Abilities, Weirdness & Mutations

You have a pair of small horns on your head.
You are slightly more attuned to the shadows.


Message History

You see here 2 arrows.
The centaur unwields an uncursed shortbow.
The centaur hits you.
You hit the centaur.
The centaur is lightly wounded.
The centaur misses you. The centaur barely misses you.
You slash the centaur! Your headbutt misses the centaur.
The centaur is heavily wounded.
The centaur hits you!
You are too injured to fight recklessly!
You are too injured to fight recklessly!
You hit the centaur.
The centaur is heavily wounded.
The centaur hits you!
* * * LOW HITPOINT WARNING * * *
The centaur hits you.
* * * LOW HITPOINT WARNING * * *
You are confused.
You feel invigorated. The centaur hits you.
You die...

..........##
8###⌠##...#
#######...##
.....#8...8#
####.##...## #......#
######## ### ## ##
######
##8###⌠###8#....
.....###......((@...#
.....##8.........c..#
.....###............#
.....# #...##8###8###
.....###...#### ##
.....##8...8#
.....###...##
......##...#
#####.##...##


You could see a centaur.

Vanquished Creatures
  A gnoll (D:1)
  5 adders
  A leopard gecko (D:2)
  An orc (D:2)
  A giant cockroach (D:2)
  7 goblins
  5 hobgoblins
  5 kobolds
  2 ball pythons (D:2)
  3 bats
  6 frilled lizards
  6 rats
43 creatures vanquished.

Notes
Turn   | Place    | Note
-------+----------+-------------------------------------------
     0 | D:1      | George the Demonspawn Gladiator began the quest for the Orb.
     0 | D:1      | Reached XP level 1. HP: 16/16 MP: 1/1
    94 | D:1      | Reached skill level 3 in Long Blades
   170 | D:1      | Gained mutation: You have a pair of small horns on your head. [demonic ancestry]
   170 | D:1      | Reached XP level 2. HP: 22/22 MP: 2/2
   770 | D:1      | Gained mutation: You are slightly more attuned to the shadows. [demonic ancestry]
   770 | D:1      | Reached XP level 3. HP: 18/27 MP: 3/3
   912 | D:1      | Reached skill level 4 in Long Blades
  1308 | D:2      | Reached XP level 4. HP: 15/33 MP: 4/4
  1416 | D:2      | Found a basalt altar of Yredelemnul.
  1598 | D:2      | Found a glowing golden altar of the Shining One.
  1599 | D:2      | Found a snail-covered altar of Cheibriados.
  1853 | D:2      | Noticed a centaur
  1862 | D:2      | Slain by a centaur

Vault maps used:
D:1:      dpeg_arrival_lava_temple_mockup, hangedman_decor_clover_reticule
D:2:      gammafunk_temple_overflow_statue, serial_corexii_hall,
          corexii_hall_statues_l, corexii_hall_statues_s, grunt_decor_fettered,
          yredelemnul_altar_generic

Skill      XL: |  1  2  3 |
---------------+----------+-----
Long Blades    | 3 4 |  4.8
Fighting       | |  2.0
Throwing       | |  1.7
Dodging        | |  2.6

Action                   |  1- 3 |  4- 6 || total
-------------------------+-------+-------++-------
Melee: Long sword        |    65 |    23 ||    88
       Headbutt          |     8 |     5 ||    13
  Use: Potion            |     1 |     1 ||     2
 Stab: Sleeping          |     4 |     1 ||     5
  Eat: Chunk             |     1 |     2 ||     3
Armor: Leather armour    |    12 |     7 ||    19
Dodge: Dodged            |    48 |    24 ||    72
       Rpst.: Long sword |    12 |     8 ||    20

Table legend:
 A = Spawn XP
 B = Non-spawn XP
 C = Spawn XP percentage of total XP
 D = Spawn monster count
 E = Non-spawn monster count
 F = Spawn count percentage of total count
 G = Total turns spent on level
                    A         B        C        D         E        F      G
               +---------+---------+-------+---------+---------+-------+---------
         Total |       0 |     138 |   0.0 |       0 |      43 |   0.0 |  1862
               +---------+---------+-------+---------+---------+-------+---------
           D:1 |       0 |      51 |   0.0 |       0 |      18 |   0.0 |   902
           D:2 |       0 |      87 |   0.0 |       0 |      25 |   0.0 |   960
               +---------+---------+-------+---------+---------+-------+---------
